Map: Terraform LE (Void)

Players

DJLingboy - Winner!

  • Race: Zerg Zerg
  • League: Grandmaster

wabbajack

  • Race: Zerg Zerg
  • League: Grandmaster

VOD

Have the link to the VOD?

Description

Time

  • Played on: July 14, 2015, 1:20 p.m.
  • Length: 5:09
Show
View Real Time Build Order
Export as new Build Order

DJLingboy Zerg - Winner!

Build Orders: Hatch First 

Get SALT Encoding   

  12  0:01  Drone  
  13  0:13  Overlord  
  13  0:19  Drone  
  14  0:31  Drone x2  
  16  0:49  Hatchery  
  15  0:51  Drone  
  15  0:55  Extractor  
  15  0:56  Drone  
  16  1:12  Spawning Pool  
  16  1:15  Drone  
  16  1:19  Drone  
  16  1:24  Drone  
  18  1:33  Drone  
  19  1:43  Overlord  
  19  1:59  Queen  
  23  2:01  Drone  
  23  2:06  Metabolic Boost  
  24  2:10  Zergling x2  
  24  2:14  Drone  
  26  2:17  Drone  
  27  2:23  Zergling x4  
  27  2:27  Zergling x2  
  26  2:38  Zergling x4  
  28  2:47  Zergling x2  
  28  2:48  Zergling x2  
  30  2:56  Zergling x4  
  32  3:09  Overlord  
  32  3:13  Baneling Nest  
  32  3:18  Overlord  
  31  3:22  Hatchery  
  30  3:30  Overlord  
  30  3:39  Zergling x10  
  35  3:44  Zergling x2  
  33  3:50  Zergling x2  
  34  4:01  Drone  
  35  4:04  Roach Warren  
  32  4:17  Drone x2  
  33  4:26  Drone  
  33  4:31  Overlord  
  34  4:39  Drone x3  
  34  4:40  Drone  
Show
View Real Time Build Order
Export as new Build Order

wabbajack Zerg 

Build Orders: Pool First 

Get SALT Encoding   

  12  0:03  Extractor  
  11  0:22  Spawning Pool  
  11  0:26  Drone  
  11  0:34  Drone  
  12  0:46  Overlord  
  12  1:11  Metabolic Boost  
  12  1:12  Zergling x4  
  12  1:13  Zergling x2  
  15  1:24  Zergling x2  
  16  1:49  Queen  
  18  1:54  Drone x2  
  20  2:04  Drone  
  20  2:07  Overlord  
  21  2:20  Hatchery  
  20  2:25  Drone  
  20  2:28  Drone  
  18  3:11  Zergling x12  
  24  3:20  Spine Crawler  
  24  3:25  Drone  
  22  3:44  Zergling x2  
  22  3:45  Zergling x14  
  26  4:10  Queen  
  26  4:12  Overlord x2  
  20  4:24  Zergling x2  
  20  4:25  Zergling x12  
  24  4:57  Drone x2, Roach Warren  
  24  4:58  Extractor  
Tags
 
Add a new tag
Caveats
  • Supply blocks, unpowered buildings, or Contaminate may cause inaccurate times.
  • Supply counts are checked every 10 seconds.